 Dungeon Crawl Stone Soup version 0.30-a0-800-g7c544603b3 (webtiles) character file.

Game seed: 10398826104806974102

53682 bmack86 the Severer (level 14, -5/126 (127) HPs)
             Began as a Minotaur Fighter on Feb 22, 2023.
             Was the Champion of Okawaru.
             Collided with some lava (11 damage)
             ... caused by a swamp worm
             ... on level 2 of the Lair of Beasts.
             The game lasted 00:58:15 (14889 turns).

bmack86 the Severer (Minotaur Fighter)             Turns: 14889, Time: 00:58:16

HP:   -5/126 (127)  AC: 42    Str: 23    XL:     14   Next: 31%
MP:   19/19         EV:  8    Int:  5    God:    Okawaru [******]
Gold: 879           SH: 11    Dex: 18    Spells: 13/13 levels left

rFire   . . .      SeeInvis .    M - +2 broad axe (freeze)
rCold   + . .      Faith    .    s - +3 buckler of Newakyza {rElec rC+ Str+3}
rNeg    . . .      Spirit   .    A - +14 chain mail of the Earth {Str-4 Dex+6}
rPois   .          Reflect  .    h - +2 hat
rElec   +          Harm     .    J - +2 cloak {Will+}
rCorr   .          Rampage  .    K - +1 pair of gloves
Will    +++..                    C - +2 pair of boots Stlth
                                 y - amulet of regeneration
HPRegen 1.21/turn                l - +4 ring of protection
MPRegen 0.16/turn                L - ring of willpower

@: lethally poisoned (-5 -> -13), slowed, lightly drained, very slow
A: horns 2, retaliatory headbutt
a: Renounce Religion, Heroism, Finesse, Duel


You were on level 2 of the Lair of Beasts.
You worshipped Okawaru.
Okawaru was exalted by your worship.
You visited 3 branches of the dungeon, and saw 18 of its levels.

You collected 1406 gold pieces.
You spent 527 gold pieces at shops.

Inventory:

Hand Weapons
 a - a +0 spectral war axe
 M - a +2 broad axe of freezing (weapon)
 P - a +3 war axe of freezing
Missiles
 j - 12 javelins
 x - 13 poisoned darts
 z - 14 boomerangs (quivered)
Armour
 g - the +0 pair of boots of Action {rF+ rN+}
   (You found it on level 4 of the Lair of Beasts)

   rF:        It protects you from fire.
   rN:        It protects you from negative energy.
 h - a +2 hat (worn)
 s - the +3 buckler of Newakyza (worn) {rElec rC+ Str+3}
   (You found it on level 3 of the Dungeon)

   Str:       It affects your strength (+3).
   rC:        It protects you from cold.
   rElec:     It insulates you from electricity.
 A - the +14 chain mail of the Earth (worn) {Str-4 Dex+6}
   (Okawaru gifted it to you on level 3 of the Lair of Beasts)

   Str:       It affects your strength (-4).
   Dex:       It affects your dexterity (+6).
 C - a +2 pair of boots (worn)
 J - a +2 cloak of willpower (worn)
 K - a +1 pair of gloves (worn)
 O - the +1 buckler "Jearghewe" {rN+ Regen+ Dex+2}
   (You acquired it on level 10 of the Dungeon)

   Dex:       It affects your dexterity (+2).
   rN:        It protects you from negative energy.
   Regen:     It increases your rate of health regeneration.
Jewellery
 k - an amulet of reflection
 l - a +4 ring of protection (left hand)
 y - an amulet of regeneration (around neck)
 F - an amulet of guardian spirit
 G - a +6 ring of dexterity
 L - a ring of willpower (right hand)
 Q - the macabre finger necklace {Finger+ rN+}
   (You found it on level 4 of the Lair of Beasts)

   [amulet of nothing]

   Finger+:   It enables you to equip an extra ring.
   rN:        It protects you from negative energy.
Wands
 b - a wand of flame (68)
 c - a wand of polymorph (8)
 r - a wand of digging (6)
 t - a wand of light (25)
 E - a wand of iceblast (22)
Scrolls
 f - 13 scrolls of teleportation
 i - 6 scrolls of fear
 w - 2 scrolls of blinking
 B - 13 scrolls of identify
 H - 5 scrolls of magic mapping
 I - 4 scrolls of silence
 N - a scroll of fog
Potions
 d - 4 potions of might
 e - 2 potions of brilliance
 m - a potion of invisibility
 n - 2 potions of magic
 o - 2 potions of flight
 p - 4 potions of heal wounds
 q - 4 potions of haste
 u - 15 potions of curing
 v - a potion of resistance
 D - 3 potions of berserk rage
 R - a potion of ambrosia {unknown}
 S - a potion of attraction {unknown}


   Skills:
 + Level 12.5 Fighting
 * Level 16.7 Axes
 + Level 9.2 Throwing
 + Level 12.5 Armour
 + Level 12.6 Shields
 + Level 8.6 Invocations


You had 13 spell levels left.
You didn't know any spells.
Your spell library contained the following spells:

 Spells                   Type           Power      Damage    Failure   Level
 Apportation              Tloc           0%         N/A       97%         1
 Shock                    Conj/Air       0%         1d3       97%         1
 Ensorcelled Hibernation  Hex/Ice        0%         N/A       99%         2
 Passwall                 Tmut/Erth      0%         N/A       99%         2
 Scorch                   Fire           0%         2d5       99%         2
 Static Discharge         Conj/Air       0%         2-2/arc   99%         2
 Dazzling Flash           Conj/Hex       0%         N/A       100%        3
 Gell's Gravitas          Tloc           0%         N/A       100%        3
 Swiftness                Air            0%         N/A       100%        3
 Teleport Other           Tloc           0%         N/A       100%        3
 Vhi's Electric Charge    Tloc/Air       0%         N/A       100%        3
 Airstrike                Air            0%         2d(0-16)  100%        4
 Anguish                  Hex/Necr       0%         N/A       100%        4
 Flame Wave               Conj/Fire      0%         2d4       100%        4
 Iskenderun's Mystic Bla  Conj/Tloc      0%         2d3       100%        4
 Leda's Liquefaction      Hex/Erth       0%         N/A       100%        4
 Petrify                  Tmut/Erth      0%         N/A       100%        4
 Alistair's Intoxication  Tmut/Pois      0%         N/A       100%        5
 Arcjolt                  Conj/Air       0%         1d10      100%        5
 Fireball                 Conj/Fire      0%         3d3       100%        5
 Iskenderun's Battlesphe  Conj           0%         2d6       100%        5
 Lee's Rapid Deconstruct  Erth           0%         3d4*      100%        5
 Lightning Bolt           Conj/Air       0%         1d11      100%        5
 Metabolic Englaciation   Hex/Ice        0%         N/A       100%        5
 Conjure Ball Lightning   Conj/Air       0%         3x3d6     100%        6
 Dispersal                Tloc           0%         N/A       100%        6
 Starburst                Conj/Fire      0%         6d3       100%        6
 Statue Form              Tmut/Erth      0%         N/A       100%        6
 Enfeeble                 Hex            0%         N/A       100%        7
 Orb of Destruction       Conj           0%         9d5       100%        7
 Summon Small Mammal      Summ           Unusable   N/A       N/A         1
 Call Canine Familiar     Summ           Unusable   N/A       N/A         3
 Summon Guardian Golem    Hex/Summ       Unusable   N/A       N/A         3
 Summon Cactus Giant      Summ           Unusable   N/A       N/A         6

Dungeon Overview and Level Annotations

Branches:
Dungeon (12/15)            Temple (1/1) D:7            Lair (5/5) D:8
  Swamp (0/4) Lair:2       Spider (0/4) Lair:3        Slime (0/5) Lair:5
    Orc (0/2) D:12

Altars:
Ashenzari
Cheibriados
Dithmenos
Elyvilon
Fedhas
Gozag
Hepliaklqana
Kikubaaqudgha
Makhleb
Nemelex Xobeh
Okawaru
Qazlal
Ru
Sif Muna
Trog
Uskayaw
Vehumet
Wu Jian
Xom
Yredelemnul
Zin
The Shining One
Jiyva
Lugonu

Shops:
D:2 ?   D:4 *   D:9 =((   D:10 :

Annotations:
Lair:2 1 transporter


Innate Abilities, Weirdness & Mutations

You have a pair of horns on your head.
You reflexively headbutt those who attack you in melee.


Message History

You hit the briar patch but do no damage.
You are engulfed in dark miasma.
You are poisoned.
You feel yourself slow down.
You feel very sick.
The swamp worm fires a harpoon shot at you.
The harpoon shot hits you!
You are yanked forward by the harpoon shot.
You violently stop moving!
You are struck by the briar patch's thorns.
You slash the briar patch! You freeze the briar patch.
You destroy the briar patch!
You slash the briar patch! You freeze the briar patch.
You are engulfed in dark miasma.
You are more poisoned.
You feel extremely sick.
The swamp worm fires a harpoon shot at you.
The harpoon shot misses you.
You feel extremely sick.
The swamp worm fires a harpoon shot at you.
The harpoon shot hits you but does no damage.
The swamp worm fires a harpoon shot at you.
The harpoon shot hits you.
You are yanked forward by the harpoon shot.
You collide with the briar patch!
The briar patch is destroyed!
* * * LOW HITPOINT WARNING * * *
You become entangled in the net!
There is a net trap here.
You see here a throwing net.
You tear a large gash into the net.
You feel extremely sick.
The swamp worm fires a harpoon shot at you.
The harpoon shot hits you but does no damage.
The swamp worm fires a harpoon shot at you.
The harpoon shot hits you!
* * * LOW HITPOINT WARNING * * *
You are yanked forward by the harpoon shot.
You violently stop moving!
You die...

##..............................
#..............©.............##
##............#####...........P#
#.............#[©=#...........##
##............#$?)#...........##
#...........####+####.........##
##..........##§P°P§w#...........
#..........#w§.^P≈##...........
##..........###@^.≈♣#....<....#.
#...........#♣≈.§°###..........#
##..........##≈§^P§w#.........#.
##..........#w§.^P≈##....}......
#...........##≈.^P≈♣#...........
##..........###.©P###...........
##............#####............#
#...............©.............P#
##............................##


You could see 4 swamp worms.

Vanquished Creatures
  3 two-headed ogres
  3 hydras
  A death knight (D:12)
  4 boulder beetles
  2 skysharks (Lair:4)
  A wolf spider (D:12)
  An oklob plant (Lair:3)
  A will-o-the-wisp (Lair:2)
  A cyclops (D:12)
  A demonic crawler (Lair:3)
  4 black mambas
  4 elephants (Lair:2)
  Maggie (D:8)
  16 cane toads
  2 torpor snails
  A tengu conjurer (D:12)
  5 komodo dragons
  2 rime drakes (Lair:5)
  4 kobold demonologists
  A troll (D:11)
  Grinder (D:3)
  6 hornets (Lair:5)
  14 blink frogs
  5 polar bears
  9 dream sheep
  A shadow (D:12)
  Sigmund (D:2)
  A vampire (D:11)
  3 wraiths
  13 spriggans
  A wyvern (Lair:4)
  4 basilisks
  62 yaks
  2 steam dragons
  4 acid dragons
  16 water moccasins
  3 sky beasts
  5 orc warriors
  2 ice beasts
  5 black bears
  12 centaurs
  4 boggarts
  31 wolves
  2 ogres
  A phantom (D:12)
  3 kobold brigands
  4 necrophages
  16 bullfrogs
  2 gnoll sergeants (D:8)
  5 scorpions
  10 wights
  2 troll zombies (D:12)
  10 killer bees
  6 howler monkeys
  2 hounds (D:4)
  13 jellies
  5 orc priests
  3 gnoll boudas
  Crazy Yiuf (D:2)
  Terence (D:2)
  5 iguanas
  Ijyb (D:3)
  Natasha (thrice) (D:3)
  14 orc wizards
  6 ogre zombies (D:12)
  5 adders
  34 gnolls
  A shadow imp (D:6)
  A white imp (D:8)
  4 worms
  2 dart slugs
  24 orcs
  5 ball pythons
  8 endoplasms
  7 giant cockroaches
  12 goblins
  7 hobgoblins
  10 kobolds
  6 quokkas
  4 bats
  6 frilled lizards
  4 goblin zombies (D:12)
  A hobgoblin skeleton (D:12)
  A hobgoblin zombie (D:12)
  19 orc zombies (D:12)
  A rat (D:2)
  6 briar patches (Lair:2)
  A butterfly (Lair:1)
547 creatures vanquished.

Vanquished Creatures (others)
  A yaktaur (D:12)
  A briar patch (Lair:2)
  3 foxfires (Lair:2)
  47 fungi
  52 plants
104 creatures vanquished.

Grand Total: 651 creatures vanquished

Notes
Turn   | Place    | Note
-------+----------+-------------------------------------------
     0 | D:1      | bmack86 the Minotaur Fighter began the quest for the Orb.
     0 | D:1      | Reached XP level 1. HP: 19/19 MP: 0/0
   199 | D:1      | Reached XP level 2. HP: 27/27 MP: 1/1
   368 | D:1      | Reached skill level 3 in Axes
   513 | D:1      | Found a faded altar of an unknown god.
   865 | D:1      | Reached XP level 3. HP: 30/33 MP: 2/2
   940 | D:2      | Found a burning altar of Makhleb.
   942 | D:2      | Noticed Terence
   951 | D:2      | Killed Terence
   952 | D:2      | Reached XP level 4. HP: 23/40 MP: 3/3
   957 | D:2      | Reached skill level 4 in Axes
  1200 | D:2      | Noticed Sigmund
  1208 | D:2      | Killed Sigmund
  1209 | D:2      | Reached skill level 5 in Axes
  1209 | D:2      | Reached XP level 5. HP: 28/47 MP: 4/4
  1330 | D:2      | Found Aveiti Jetz's Magic Scroll Boutique.
  1340 | D:2      | Bought a scroll of identify for 28 gold pieces
  1381 | D:2      | Reached XP level 6. HP: 49/55 MP: 5/5
  1563 | D:2      | Found a runed translucent door.
  1564 | D:2      | Noticed Crazy Yiuf
  1684 | D:3      | Noticed Ijyb
  1686 | D:3      | Identified the +3 buckler of Newakyza {rElec rC+ Str+3}
  1687 | D:3      | Noticed Natasha
  1698 | D:3      | Killed Natasha
  1699 | D:3      | Reached skill level 5 in Armour
  1700 | D:3      | Killed Ijyb
  1701 | D:3      | Reached skill level 5 in Fighting
  1701 | D:3      | Reached skill level 5 in Shields
  2044 | D:3      | Found a burning altar of Makhleb.
  2050 | D:3      | Noticed Natasha
  2065 | D:3      | Killed Natasha
  2091 | D:3      | Noticed Grinder
  2095 | D:3      | Paralysed by Grinder for 3 turns
  2107 | D:3      | Killed Grinder
  2108 | D:3      | Reached skill level 6 in Axes
  2108 | D:3      | Reached XP level 7. HP: 36/61 MP: 6/6
  2145 | D:3      | Noticed Natasha
  2152 | D:3      | Killed Natasha
  2546 | D:4      | Found Amneppahei's General Store.
  2656 | D:4      | Identified the +5 sling of the Pyrrhic Victory {freeze,
                  | Int+2}
  2857 | D:4      | Reached skill level 7 in Axes
  3119 | D:5      | Entered Level 5 of the Dungeon
  3129 | D:5      | Identified the +6 dagger of the Reaper {heavy, Int+4}
  3173 | D:5      | Reached skill level 1 in Throwing
  3173 | D:5      | Reached XP level 8. HP: 70/70 MP: 7/7
  3280 | D:5      | Found an ornate altar of the Wu Jian Council.
  3386 | D:5      | Reached skill level 8 in Axes
  3481 | D:5      | Found a shimmering blue altar of Sif Muna.
  3843 | D:6      | Found a blossoming altar of Fedhas.
  3939 | D:6      | Reached skill level 9 in Axes
  3939 | D:6      | Reached XP level 9. HP: 19/79 MP: 8/8
  4099 | D:6      | Found a sacrificial altar of Ru.
  4454 | D:7      | Found a staircase to the Ecumenical Temple.
  4466 | Temple   | Entered the Ecumenical Temple
  4482 | Temple   | Became a worshipper of Warmaster Okawaru
  4759 | D:7      | Reached skill level 1 in Invocations
  4824 | D:4      | Bought 2 potions of heal wounds for 120 gold pieces
  4824 | D:4      | Bought a +0 cloak for 54 gold pieces
  5126 | D:7      | Found a sparkling altar of Nemelex Xobeh.
  5195 | D:7      | Found a hide-covered altar of Uskayaw.
  5196 | D:7      | Found a stormy altar of Qazlal.
  5207 | D:7      | Reached skill level 10 in Axes
  5262 | D:7      | Reached * piety under Okawaru
  5581 | D:8      | Noticed Maggie
  5593 | D:8      | Killed Maggie
  5594 | D:8      | Reached XP level 10. HP: 68/88 MP: 10/10
  5616 | D:8      | Identified the +12 spear of the Priest {vamp, Dex+3}
  5828 | D:8      | Reached ** piety under Okawaru
  5835 | D:8      | Found a staircase to the Lair.
  6017 | D:8      | Found a basalt altar of Yredelemnul.
  6054 | D:8      | Found a shimmering altar of Xom.
  6125 | D:8      | Found a shadowy altar of Dithmenos.
  6379 | D:9      | Reached skill level 11 in Axes
  6560 | D:9      | Found Tiappos's Antique Weapon Boutique.
  6682 | D:9      | Found Rumatun's Jewellery Shop.
  6692 | D:9      | Bought a ring of willpower for 325 gold pieces
  6754 | D:9      | Found Siejiwk's Weapon Emporium.
  6819 | D:9      | Found a radiant altar of Vehumet.
  6893 | D:10     | Entered Level 10 of the Dungeon
  6893 | D:10     | Found Nufruce's Book Shop.
  6971 | D:10     | Identified a scroll of acquirement
  6971 | D:10     | Acquired the +1 buckler "Jearghewe" {rN+ Regen+ Dex+2}
  7003 | D:10     | Found a snail-covered altar of Cheibriados.
  7114 | D:10     | Reached skill level 5 in Throwing
  7257 | D:10     | Reached *** piety under Okawaru
  7263 | D:10     | Received a gift from Okawaru
  7400 | D:10     | Noticed a sun demon
  7418 | D:10     | Noticed an orange demon
  7420 | D:10     | Reached XP level 11. HP: 49/97 MP: 11/13
  7495 | D:10     | Noticed a sea snake
  7495 | D:10     | Noticed a sea snake
  7716 | Lair:1   | Entered Level 1 of the Lair of Beasts
  7733 | Lair:1   | Reached **** piety under Okawaru
  7734 | Lair:1   | Reached skill level 12 in Axes
  8068 | Lair:1   | Received a gift from Okawaru
  8178 | Lair:1   | Reached skill level 5 in Invocations
  8179 | Lair:1   | Reached ***** piety under Okawaru
  8179 | Lair:1   | Received a gift from Okawaru
  8646 | Lair:2   | Found a staircase to the Swamp.
  8679 | Lair:2   | Reached skill level 13 in Axes
  8782 | Lair:2   | Reached skill level 10 in Armour
  8782 | Lair:2   | Reached skill level 10 in Shields
  8783 | Lair:2   | Reached skill level 10 in Fighting
  8832 | Lair:2   | Reached XP level 12. HP: 95/106 MP: 15/15
  9140 | Lair:2   | Found a transporter.
  9164 | Lair:2   | Found a transporter.
  9357 | Lair:3   | Reached ****** piety under Okawaru
  9427 | Lair:3   | Found a hole to the Spider Nest.
  9439 | Lair:3   | Identified the +14 chain mail of the Earth {Str-4 Dex+6}
                  | (Okawaru gifted it to you on level 3 of the Lair of Beasts)
  9439 | Lair:3   | Received a gift from Okawaru
  9456 | Lair:3   | Noticed a five-headed hydra
  9463 | Lair:3   | Reached skill level 14 in Axes
  9464 | Lair:3   | Noticed a six-headed hydra
  9577 | Lair:3   | Killed a 19-headed hydra
  9626 | Lair:3   | Killed a ten-headed hydra
 10004 | Lair:3   | Found the +1 robe of Vines {NoPotionHeal Regen++++}
 10525 | Lair:4   | Identified the +0 pair of boots of Action {rF+ rN+}
 10629 | Lair:4   | Noticed an eight-headed hydra
 10629 | Lair:4   | Noticed a boulder beetle
 10642 | Lair:4   | Killed a 15-headed hydra
 10679 | Lair:4   | Killed a boulder beetle
 10761 | Lair:4   | Found the macabre finger necklace {Finger+ rN+}
 10871 | Lair:4   | Received a gift from Okawaru
 11407 | Lair:5   | Entered Level 5 of the Lair of Beasts
 11420 | Lair:4   | Reached XP level 13. HP: 94/116 MP: 17/17
 11440 | Lair:4   | Reached skill level 15 in Axes
 11487 | Lair:4   | Received a gift from Okawaru
 11607 | Lair:4   | Received a gift from Okawaru
 11919 | Lair:5   | Found the +11 plutonium sword {Contam Stlth-}
 11990 | Lair:5   | Identified the +1 robe "Ommysefo" {Str+2}
 11995 | Lair:5   | Found a staircase to the Slime Pits.
 11995 | Lair:5   | Found a viscous altar of Jiyva.
 12306 | Lair:5   | Reached skill level 16 in Axes
 12478 | Lair:5   | Paralysed by a hornet for 1 turns
 12523 | Lair:5   | Received a gift from Okawaru
 13117 | D:11     | Reached XP level 14. HP: 122/126 MP: 19/19
 13186 | D:11     | Found a hide-covered altar of Uskayaw.
 13318 | D:11     | Identified the +6 rapier of Debt {vamp, Str+4 Dex+2 Stlth+}
 13822 | D:12     | Identified the +2 pair of gloves of Okawaru's Respect
                  | {Contam Drain Int+8} (Okawaru gifted it to you on level 12
                  | of the Dungeon)
 13822 | D:12     | Received a gift from Okawaru
 13976 | D:12     | Found a shimmering blue altar of Sif Muna.
 14224 | D:12     | Found a staircase to the Orcish Mines.
 14656 | D:2      | Killed Crazy Yiuf
 14889 | Lair:2   | HP: 6/126 [swamp worm/harpoon shot (15)]
 14889 | Lair:2   | Collided with some lava

Illustrated notes

Levels and vault maps discovered:
D:1:      zaba_arrival_water, layout_loops_ring,
          dreamdust_ecumenical_altar_angels_and_demons, serial_aquarium,
          aquarium_bridge_square [aquarium_subvault_bridge,
          aquarium_subvault_balcony, aquarium_subvault_bridge,
          aquarium_subvault_balcony], aquarium_window_3, aquarium_window_corner,
          aquarium_view_2d, aquarium_view_2c, aquarium_balcony_1b
D:2:      minmay_spotlight, layout_rooms, serial_shops, nicolae_shop_trees,
          basic_altar, uniq_sigmund, uniq_crazy_yiuf_cottage, uniq_terence
D:3:      layout_loops_cross, mainiacjoe_overflow_alcove_4, st_stairs_6,
          kennysheep_generic_room_8, uniq_grinder, uniq_natasha, uniq_ijyb
D:4:      layout_basic, serial_shops, nicolae_stop_n_shop_2
D:5:      layout_loops_ring, nicolae_wu_jian_wuxing_cycle,
          mainiacjoe_overflow_alcove_1
D:6:      layout_rooms, fedhas_altar_1, nicolae_ru_great_annihilating_truth,
          serial_glass, glass_columns_a, glass_columns_a, minmay_misc_feat_rows
D:7:      layout_loops_ring, nemelex_diamond_rough_becter,
          gammafunk_temple_overflow_pools, minmay_temple_entry_trees
D:8:      layout_rooms, mainiacjoe_overflow_boulevard, marbit_many_paths,
          kennysheep_mini, lair_entry_dummy, centaur_isle, uniq_maggie
D:9:      layout_rooms, vehumet_altar_wand_db, serial_shops, nicolae_shop_stone,
          nicolae_shop_bloodbath_and_beyond, nicolae_shop_waterfront,
          chequers_serial_rivers_micro_d, minivault_23, minmay_joined_circles
D:10:     layout_rooms, nicolae_overflow_crystal_walls, serial_aquarium,
          aquarium_bridge_island_small [aquarium_subvault_small_open,
          aquarium_subvault_bridge, aquarium_subvault_wall,
          aquarium_subvault_bridge, aquarium_subvault_window],
          aquarium_bridge_square [aquarium_subvault_bridge,
          aquarium_subvault_window, aquarium_subvault_window,
          aquarium_subvault_balcony], aquarium_window_1, aquarium_window_2,
          aquarium_window_corridor_3, aquarium_window_corner, aquarium_view_2c,
          aquarium_view_2e, st_stairs_2, nicolae_stop_n_shop_1
D:11:     layout_roguey, minmay_stone_trees_medium, nrook_campfire,
          eat_drink_and_be_merry_uskayaw
D:12:     minmay_distorted_concentric_squares, layout_cave_pools,
          zombieorc2_lemuel, led_sif_book
Temple:   corrupted_temple
Lair:1:   layout_loops_ring, lemuel_fruit_fields, grunt_megastairs_5
Lair:2:   gammafunk_worm_tunnel, layout_regular_city, minmay_swamp_entry_wisps,
          grunt_megastairs_1
Lair:3:   layout_cave_pods, nicolae_spider_entry_non_spiders,
          hellmonk_guarded_unrand_vines
Lair:4:   layout_roguey, hangedman_lair_generics_rect
Lair:5:   minmay_lair_end_enchanted_forest, layout_regular_city,
          minmay_slime_entry_jelly_boxes

Skill      XL: |  1  2  3  4  5  6  7  8  9 10 11 12 13 14 |
---------------+-------------------------------------------+-----
Axes           | 3 5 6 7 9 10 11 13 14 16 | 16.7
Armour         | 4 5 6 7 8 9 10 11 12 | 12.5
Fighting       | 4 5 6 7 8 9 10 11 12 | 12.5
Shields        | 4 5 6 7 8 9 10 11 12 | 12.6
Throwing       | 1 3 4 5 6 7 8 9 |  9.2
Invocations    | 2 4 5 7 8 |  8.6

Action                     |  1- 3 |  4- 6 |  7- 9 | 10-12 | 13-15 || total
---------------------------+-------+-------+-------+-------+-------++-------
  Melee: War axe           |    50 |    81 |   237 |   111 |       ||   479
         Headbutt          |    10 |    13 |    31 |    97 |   114 ||   265
         Broad axe         |       |       |       |   355 |   437 ||   792
  Throw: Boomerang         |       |       |     2 |    28 |    67 ||    97
 Invoke: Heroism           |       |       |       |     5 |     5 ||    10
         Finesse           |       |       |       |     2 |     1 ||     3
    Use: Scroll            |     4 |     3 |    11 |    14 |       ||    32
         Potion            |       |     1 |     1 |     3 |     1 ||     6
   Stab: Paralysed         |       |       |     2 |       |       ||     2
         Distracted        |       |       |     1 |     1 |       ||     2
 Armour: Scale mail        |    26 |     2 |       |       |       ||    28
         Chain mail        |       |    23 |   132 |   141 |   445 ||   741
         Skin              |       |       |     1 |       |       ||     1
         Plate armour      |       |       |       |   270 |       ||   270
  Dodge: Dodged            |    24 |    16 |    60 |   201 |   184 ||   485
  Block: Buckler           |    31 |    42 |   122 |   323 |   320 ||   838
         Reflection        |       |     1 |     1 |    35 |       ||    37

Table legend: (Time is in decaauts)
 A = Elapsed time spent in this place.
 B = Non-inter-level travel time spent in this place.
 C = Inter-level travel time spent in this place.
 D = Time resting spent in this place.
 E = Time spent auto-exploring this place.
 F = Levels seen in this place.
 G = Mean time per level.
                   A        B        C        D        E       F      G
               +--------+--------+--------+--------+--------+-----+--------+
         Total |  14877 |  13925 |    952 |    583 |   8158 |  18 |  826.5 |
       Dungeon |   9514 |   8779 |    735 |    309 |   5194 |  12 |  792.8 |
        Temple |     62 |     62 |      0 |      0 |      0 |   1 |   62.0 |
          Lair |   5300 |   5084 |    216 |    274 |   2964 |   5 | 1060.0 |
               +--------+--------+--------+--------+--------+-----+--------+

Top non-repeatable levels by time:
  Lair:4: 1312 daAuts
  Lair:5: 1161 daAuts
  Lair:3: 1108 daAuts
     D:1: 1048 daAuts
     D:3: 1047 daAuts
     D:8: 1010 daAuts
     D:7: 922 daAuts
  Lair:1: 866 daAuts
  Lair:2: 851 daAuts
    D:10: 793 daAuts
     D:5: 769 daAuts
    D:11: 715 daAuts
     D:6: 686 daAuts
     D:2: 686 daAuts
     D:9: 619 daAuts
